 Dungeon Crawl Stone Soup version 0.29-a0-1039-gfc20370e89 (webtiles) character file.

Game seed: 8692281921584960706

490 Plasmagod the Cleaver (level 6, -2/51 HPs)
             Began as a Minotaur Fighter on Aug 15, 2022.
             Was an Initiate of Ru.
             Slain by a black bear (3 damage)
             ... on level 5 of the Dungeon.
             The game lasted 00:05:34 (3833 turns).

Plasmagod the Cleaver (Minotaur Fighter)            Turns: 3833, Time: 00:05:35

Health: -2/51      AC:  9    Str: 23    XL:     6   Next: 90%
Magic:  5/5        EV:  9    Int:  5    God:    Ru [......]
Gold:   191        SH:  4    Dex:  9    Spells: 5/5 levels left

rFire   . . .      SeeInvis .   a - +0 war axe
rCold   . . .      Faith    .   c - +0 buckler
rNeg    . . .      Spirit   .   b - +0 scale mail
rPois   .          Reflect  .   (helmet restricted)
rElec   .          Harm     .   (no cloak)
rCorr   .          Rampage  .   u - +0 pair of gloves
Will    .....                   p - +0 pair of boots of the Depths {Slay+4}
Stlth   ..........              (no amulet)
HPRegen 0.17/turn               (no ring)
MPRegen 0.09/turn               (no ring)

@: attractive
A: horns 2, no stealth, retaliatory headbutt
a: Renounce Religion


You were on level 5 of the Dungeon.
You worshipped Ru.
Ru was noncommittal.
You visited 1 branch of the dungeon, and saw 5 of its levels.

You collected 191 gold pieces.

Inventory:

Hand Weapons
 a - a +0 war axe (weapon)
 w - the +5 sling of Circularity {flame, Dex+2}
   (You found it on level 4 of the Dungeon)

   Any ammunition fired from it burns those it strikes, dealing additional fire
   damage.
   Dex:       It affects your dexterity (+2).
Missiles
 y - 2 throwing nets
Armour
 b - a +0 scale mail (worn)
 c - a +0 buckler (worn)
 p - the +0 pair of boots of the Depths (worn) {Slay+4}
   (You found it on level 2 of the Dungeon)

   Slay:      It affects your accuracy & damage with ranged weapons and melee
   (+4).
 u - a +0 pair of gloves (worn)
Jewellery
 n - a ring of fire
Scrolls
 e - 4 scrolls of enchant armour {unknown}
 f - a scroll of fog {unknown}
 h - 2 scrolls of blinking {unknown}
 i - a scroll of magic mapping {unknown}
 k - a scroll of vulnerability {unknown}
 l - 9 scrolls of identify {unknown}
 q - 3 scrolls of poison {unknown}
 r - a scroll of torment {unknown}
 t - a scroll of noise {unknown}
Potions
 d - a potion of might
 g - 2 potions of brilliance {unknown}
 j - 2 potions of haste
 m - 3 potions of flight {unknown}
 o - a potion of cancellation {unknown}
 s - a potion of attraction
 v - a potion of mutation {unknown}
 x - a potion of lignification {unknown}


   Skills:
 - Level 3.6 Fighting
 + Level 9.1 Axes
 - Level 3.6 Armour
 - Level 3.6 Shields


You had 5 spell levels left.
You didn't know any spells.
Your spell library contained the following spells:

 Spells                   Type           Power      Damage    Failure   Level
 Beastly Appendage        Tmut           0%         N/A       86%         1
 Wereblood                Tmut           0%         N/A       95%         2
 Call Canine Familiar     Summ           0%         N/A       99%         3
 Ozocubu's Armour         Ice            0%         N/A       99%         3
 Portal Projectile        Hex/Tloc       0%         N/A       99%         3
 Spider Form              Tmut/Pois      0%         N/A       99%         3
 Leda's Liquefaction      Hex/Erth       0%         N/A       100%        4
 Ozocubu's Refrigeration  Ice            0%         4d7       100%        7


Dungeon Overview and Level Annotations

Branches:
Dungeon (5/15)
 Temple: D:4-7

Altars:
Kikubaaqudgha
Ru

Shops:
D:1 :


Innate Abilities, Weirdness & Mutations

You have a pair of horns on your head.
You cannot be stealthy.
You reflexively headbutt those who attack you in melee.


Message History

You closely miss the water moccasin.
The water moccasin is moderately wounded.
You slash the black bear! The water moccasin bites you.
You block the black bear's attack. x2; The black bear closely misses you.
The water moccasin closely misses you. You furiously retaliate!
You headbutt the water moccasin. You closely miss the water moccasin.
The water moccasin is heavily wounded.
You hit the black bear. You block the black bear's attack.
The black bear claws you but does no damage.
The black bear closely misses you. The water moccasin bites you.
The black bear closely misses you. The black bear claws you.
The black bear claws you but does no damage.
You closely miss the water moccasin.
The water moccasin is heavily wounded.
You barely miss the black bear. The water moccasin misses you.
The orc priest mumbles some strange prayers to Beogh against you.
Beogh smites you!
* * * LOW HITPOINT WARNING * * *
You block the water moccasin's attack. The black bear bites you!
* * * LOW HITPOINT WARNING * * *
The black bear barely misses you. You block the black bear's attack.
You hit the water moccasin. You headbutt the water moccasin.
The water moccasin is severely wounded.
You barely miss the black bear. The water moccasin misses you.
The black bear bites you.
* * * LOW HITPOINT WARNING * * *
The black bear claws you but does no damage. x2
You slash the water moccasin!
You kill the water moccasin!
You completely miss the black bear. You block the black bear's attack.
The black bear claws you.
* * * LOW HITPOINT WARNING * * *
The black bear claws you.
* * * LOW HITPOINT WARNING * * *
Your Axes skill increases to level 9!
It was a potion of attraction.
You feel attractive to monsters. The black bear bites you.
You die...

.......#....##
..##..####...#
.. ##.# #...##
.# #.####....##
.
..#....>...####
..........)...##
#.............#
#........≈....#
##.####..≈≈@.##
... #...≈h### .#
..#...oo##
.......#.#
........##
.........~≈.#
.....##.~≈.#~≈≈
..... .≈≈oo#
..### .o...#


You could see a black bear and 2 orc priests.

Vanquished Creatures
  A water moccasin (D:5)
  A black bear (D:5)
  2 jellies (D:4)
  2 orc wizards (D:4)
  7 gnolls (D:4)
  2 adders
  An ufetubus (D:4)
  3 worms
  2 dart slugs (D:4)
  8 orcs
  7 ball pythons
  3 bats
  6 endoplasms
  2 giant cockroaches
  6 hobgoblins
  2 jackals (D:1)
  7 quokkas
  2 frilled lizards
  8 goblins
  4 kobolds
  4 rats
80 creatures vanquished.

Notes
Turn   | Place    | Note
-------+----------+-------------------------------------------
     0 | D:1      | Plasmagod the Minotaur Fighter began the quest for the Orb.
     0 | D:1      | Reached XP level 1. HP: 19/19 MP: 0/0
    69 | D:1      | Reached skill level 3 in Axes
   190 | D:1      | Reached XP level 2. HP: 25/26 MP: 1/1
   294 | D:1      | Found Jifyaf's Book Shoppe.
   565 | D:1      | Reached skill level 4 in Axes
  1112 | D:2      | Identified the +0 pair of boots of the Depths {Slay+4}
  1205 | D:2      | Reached XP level 3. HP: 26/31 MP: 2/2
  1610 | D:3      | Found a sacrificial altar of Ru.
  1618 | D:3      | Became a worshipper of Ru the Awakened
  1827 | D:3      | Reached skill level 5 in Axes
  2029 | D:3      | Reached XP level 4. HP: 31/39 MP: 3/3
  2292 | D:4      | Reached skill level 6 in Axes
  2303 | D:4      | Identified the +5 sling of Circularity {flame, Dex+2}
  2314 | D:4      | Reached XP level 5. HP: 23/45 MP: 4/4
  2569 | D:4      | Found an ancient bone altar of Kikubaaqudgha.
  2769 | D:4      | Reached skill level 7 in Axes
  3244 | D:4      | Reached XP level 6. HP: 48/51 MP: 5/5
  3384 | D:4      | Gained mutation: You cannot be stealthy. [Ru sacrifice]
  3687 | D:5      | Entered Level 5 of the Dungeon
  3697 | D:5      | Reached skill level 8 in Axes
  3822 | D:5      | Noticed a water moccasin
  3832 | D:5      | Killed a water moccasin
  3832 | D:5      | HP: 1/51 [black bear (2)]
  3833 | D:5      | Reached skill level 9 in Axes
  3833 | D:5      | Slain by a black bear

Illustrated notes

Levels and vault maps discovered:
D:1:      dpeg_arrival_simpleton_b, layout_loops_corners, serial_shops,
          nicolae_diamond_shop, reono_crystal_passage, kennysheep_nondescript,
          chequers_serial_rivers_micro_a
D:2:      layout_basic
D:3:      layout_rooms, nicolae_ru_path_of_blood
D:4:      layout_basic, general_overflow_altar
D:5:      layout_cave_pools, chequers_serial_rivers_small_b,
          minmay_fire_ice_demons

Skill      XL: |  1  2  3  4  5  6 |
---------------+-------------------+-----
Axes           | 3 4 5 6 7 9 |  9.1
Fighting       | |  3.6
Armour         | |  3.6
Shields        | |  3.6

Action                   |  1- 3 |  4- 6 || total
-------------------------+-------+-------++-------
Melee: War axe           |    76 |    52 ||   128
       Headbutt          |    10 |     9 ||    19
 Fire: Sling             |       |    12 ||    12
Invok: Sacrifice Stealth |       |     1 ||     1
  Use: Potion            |       |     1 ||     1
Armor: Scale mail        |    34 |    38 ||    72
Dodge: Dodged            |    37 |    28 ||    65
Block: Buckler           |    20 |    20 ||    40

Table legend: (Time is in decaauts)
 A = Elapsed time spent in this place.
 B = Non-inter-level travel time spent in this place.
 C = Inter-level travel time spent in this place.
 D = Time resting spent in this place.
 E = Time spent auto-exploring this place.
 F = Levels seen in this place.
 G = Mean time per level.
                   A        B        C        D        E       F      G
               +--------+--------+--------+--------+--------+-----+--------+
         Total |   3869 |   3745 |    124 |    196 |   3059 |   5 |  773.8 |
       Dungeon |   3869 |   3745 |    124 |    196 |   3059 |   5 |  773.8 |
               +--------+--------+--------+--------+--------+-----+--------+

Top non-repeatable levels by time:
     D:4: 1231 daAuts
     D:1: 968 daAuts
     D:3: 899 daAuts
     D:2: 623 daAuts
     D:5: 147 daAuts
